 Dungeon Crawl Stone Soup version 0.31-a0-229-g1fc7ce93e2 (webtiles) character file.

Game seed: 2400766968662489149

115 qw the Shooter (level 4, -4/37 HPs)
             Began as a Minotaur Hexslinger on July 6, 2023.
             Slain by a gnoll
             ... wielding a +0 spear
              (6 damage)
             ... on level 3 of the Dungeon.
             The game lasted 00:00:38 (1700 turns).

qw the Shooter (Minotaur Hexslinger)                Turns: 1700, Time: 00:00:38

Health: -4/37      AC:  3    Str: 13    XL:     4   Next: 68%
Magic:  4/4        EV: 12    Int: 10    God:
Gold:   136        SH:  0    Dex: 14    Spells: 4/5 levels left

rFire   . . .        Y - +1 sling
rCold   . . .        (no shield)
rNeg    . . .        g - +0 leather armour
rPois   .            (helmet restricted)
rElec   .            (no cloak)
rCorr   +            (no gloves)
SInv    .            (no boots)
Will    .....        (no amulet)
Stlth   +            e - ring of resist corrosion
HPRegen 0.26/turn    (no ring)
MPRegen 0.09/turn

%: no passive effects
@: no status effects
A: horns 2, retaliatory headbutt
a: no special abilities


You were on level 3 of the Dungeon.
You visited 1 branch of the dungeon, and saw 3 of its levels.

You collected 136 gold pieces.


Innate Abilities, Weirdness & Mutations

You have a pair of horns on your head.
You reflexively headbutt those who attack you in melee.


   Skills:
 + Level 2.6 Fighting
 - Level 5.0 Ranged Weapons
 - Level 2.1 Dodging
 - Level 1.0 Spellcasting
 - Level 2.0 Hexes


You had 4 spell levels left.
You knew the following spells:

 Your Spells              Type           Power      Damage    Failure   Level
a - Slow                  Hex            16%        N/A       19%         1

Your spell library contained the following spells:

 Spells                   Type           Power      Damage    Failure   Level
 Inner Flame              Hex/Fire       2%         N/A       65%         3
 Portal Projectile        Hex/Tloc       4%         N/A       65%         3
 Cause Fear               Hex            2%         N/A       88%         4

Inventory:

Hand Weapons
 Y - a +1 sling (weapon)
Armour
 c - a +0 ring mail
 g - a +0 leather armour (worn)
Jewellery
 e - a ring of resist corrosion (left hand)
 i - a ring of protection from cold
Scrolls
 a - a scroll of enchant weapon {unknown}
 b - 3 scrolls of identify
Potions
 d - 2 potions of heal wounds {unknown}
 f - a potion of degeneration {unknown}
 h - a potion of attraction {unknown}

Dungeon Overview and Level Annotations

Branches:
Dungeon (3/15)

Altars:
Dithmenos
Ru

Annotations:
D:3 1 transporter


Message History

You kill the bat!
The gnoll hits you from afar with a +0 spear.
Your Ranged Weapons skill increases to level 5!
You shoot a sling bullet.
The sling bullet closely misses the gnoll. x2
The gnoll closely misses you.
You shoot a sling bullet. The sling bullet hits the gnoll.
The gnoll is moderately wounded.
The gnoll barely misses you.
You shoot a sling bullet. The sling bullet hits the gnoll.
The gnoll is moderately wounded.
The gnoll hits you from afar with a +0 spear.
You shoot a sling bullet. The sling bullet hits the gnoll!
The gnoll is almost dead.
The gnoll hits you from afar with a +0 spear.
The gnoll misses you.
You shoot a sling bullet. The sling bullet hits the gnoll.
The gnoll is almost dead.
The gnoll misses you.
You shoot a sling bullet. The sling bullet hits the gnoll!
You kill the gnoll!
You shoot a sling bullet.
The sling bullet hits the gnoll but does no damage.
The gnoll hits you from afar with a +0 halberd.
You shoot a sling bullet. The sling bullet hits the gnoll!
The gnoll is heavily wounded.
The gnoll barely misses you.
The gnoll hits you from afar with a +0 halberd.
You shoot a sling bullet. The sling bullet hits the gnoll.
The gnoll is severely wounded.
The gnoll hits you from afar with a +0 halberd!
You shoot a sling bullet. The sling bullet hits the gnoll.
The gnoll is almost dead.
The gnoll hits you from afar with a +0 halberd.
You shoot a sling bullet. The sling bullet hits the gnoll.
You kill the gnoll!
You shoot a sling bullet. The sling bullet hits the gnoll.
The gnoll is heavily wounded.
The gnoll hits you from afar with a +0 spear.
You die...

..... # #####
#######.# ##
........# ..
...####.# .# #####
#.....#.# .# #....
#..##.#.# .# ##.##
..###.#.##
###.#.#...
..##..#..#
#.@)g..._.
.........#
#.#.#.#...
....##...# ##.#^#
...####.######..#.#
....##..........#.#
........#########..
..##..### ##
..###.# #.###
#..##.# #...


You could see a gnoll.

Vanquished Creatures
  3 adders (D:2)
  3 gnolls (D:3)
  A worm (D:2)
  A dart slug (D:2)
  An orc (D:3)
  6 bats
  2 endoplasms
  A giant cockroach (D:3)
  7 hobgoblins
  2 jackals (D:1)
  3 quokkas
  3 ball pythons
  5 frilled lizards (D:1)
  8 goblins
  2 kobolds
  4 rats (D:1)
52 creatures vanquished.

Notes
Turn   | Place    | Note
-------+----------+-------------------------------------------
     0 | D:1      | qw the Minotaur Hexslinger began the quest for the Orb.
     0 | D:1      | Reached XP level 1. HP: 16/16 MP: 1/1
     0 | D:1      | 0 ||| qw: Version: 0.3-a-46-gb1f654a
     0 | D:1      | 0 ||| qw: Game counter: 1337
     0 | D:1      | 0 ||| qw: Melee chars always use a shield: true
     0 | D:1      | 0 ||| qw: God list: Okawaru
     0 | D:1      | 0 ||| qw: Allow faded altars: false
     0 | D:1      | 0 ||| qw: Do Orc after clearing Dungeon:15 true
     0 | D:1      | 0 ||| qw: Do second Lair branch before Depths: true
     0 | D:1      | 0 ||| qw: Lair rune preference: random
     0 | D:1      | 0 ||| qw: Goals: Normal
     0 | D:1      | 0 ||| PLANNING D:1-11
   160 | D:1      | Reached skill level 3 in Ranged Weapons
   160 | D:1      | Reached XP level 2. HP: 23/23 MP: 2/2
   580 | D:1      | 580 ||| READING scroll labelled WUNLUI BOGU.
   585 | D:1      | 585 ||| READING scroll labelled KIFOSOMYATT.
   586 | D:1      | 586 ||| DROPPING scroll of poison.
   658 | D:2      | Reached XP level 3. HP: 27/29 MP: 3/3
   737 | D:2      | Reached skill level 4 in Ranged Weapons
  1124 | D:2      | Reached XP level 4. HP: 36/36 MP: 4/4
  1384 | D:2      | 1384 ||| UPGRADING to +0 leather armour.
  1394 | D:2      | 1394 ||| DROPPING +0 robe.
  1395 | D:2      | 1395 ||| UPGRADING to ring of resist corrosion.
  1396 | D:2      | 1396 ||| READING 3 scrolls labelled REALUVO EVUPU.
  1397 | D:2      | 1397 ||| READING 2 scrolls of identify.
  1397 | D:2      | 1397 ||| IDENTIFYING yellow potion
  1398 | D:2      | 1398 ||| DROPPING potion of ambrosia.
  1513 | D:3      | Found a transporter.
  1594 | D:3      | Found a shadowy altar of Dithmenos.
  1675 | D:3      | Found a sacrificial altar of Ru.
  1689 | D:3      | Reached skill level 5 in Ranged Weapons
  1697 | D:3      | HP: 5/37 [gnoll/+0 halberd (13)]
  1698 | D:3      | HP: 1/37 [gnoll/+0 halberd (4)]
  1700 | D:3      | Slain by a gnoll

Levels and vault maps discovered:
D:1:      giann_bridges, layout_basic, roderic_roman_lattice
D:2:      layout_loops_corners
D:3:      layout_loops_ring, nicolae_ru_sacrificial_ziggurat,
          nicolae_dithmenos_shadow_blocks, gammafunk_ghost_gnarly_gnolls,
          serial_bayou_pond_e, hellmonk_guarded_unrand_hermit

Skill      XL: |  1  2  3  4 |
---------------+-------------+-----
Ranged Weapons | 3 4 5 |  5.0
Fighting       | 2 |  2.6
Dodging        | |  2.1
Spellcasting   | |  1.0
Hexes          | |  2.0

Action                     |  1- 3 |  4- 6 || total
---------------------------+-------+-------++-------
   Fire: Sling             |   105 |    49 ||   154
    Use: Scroll            |     2 |     2 ||     4
 Armour: Robe              |     6 |       ||     6
         Leather armour    |       |     3 ||     3
  Dodge: Dodged            |    22 |    17 ||    39

Table legend:
 A = Non-vault XP
 B = Vault XP
 C = Vault XP percentage of total XP
 D = Non-vault monster count
 E = Vault monster count
 F = Vault count percentage of total count
                 A         B        C        D         E       F
            +---------+---------+-------+---------+---------+-------
      Total |     165 |       0 |   0.0 |      52 |       0 |   0.0
            +---------+---------+-------+---------+---------+-------
        D:1 |      32 |       0 |   0.0 |      23 |       0 |   0.0
        D:2 |      78 |       0 |   0.0 |      19 |       0 |   0.0
        D:3 |      55 |       0 |   0.0 |      10 |       0 |   0.0
            +---------+---------+-------+---------+---------+-------
